 Dungeon Sprint DCSS version 0.03.2.1-72-g33da5a4ea5 (webtiles) character file.

Game seed: 3586366647497565690, levelgen mode: deterministic

5382 esc the Spry (level 10, 0/6 HPs) Fairy Earth Elementalist. Began on Feb 13, 2021. Was a High Priest of Vehumet. Slain by a polar bear (1 damage) ... summoned by a spriggan berserker ... in the Dungeon (Sprint IV: "Fedhas' Mad Dash"). The game lasted 00:06:32 (716 turns).

esc the Spry (Fairy Earth Elementalist)              Turns: 716, Time: 00:06:33

Health: 0/6        AC:  0    Str:  2    XL:     10 ^: 3283
Magic:  0/5        EV: 44    Int: 21    God:    Vehumet [5* [158]]
Gold:   184        SH:  0    Dex: 18    Spells: 32/39 levels left

rFire    . . .     Vision   .   i - amulet of invisibility {+Inv}
rCold    . . .     Gourm    .
rNeg     . . .     Faith    .
rPois    .         Spirit   .
rElec    .         Reflect  .
rCorr    .         Harm     .
MR       ++...     NoTele   +
Stlth    +.........
HPRegen  0.12/turn
MPRegen  0.15/turn

@: flying, glowing, slow
A: tiny, no armour or weapons, only one jewelry slot, no melee attacks, fairy
magic, fairy shield, fairy light, decreased potion and divine healing, slowness
1, able to fly, insubstantial
a: Stop Flying, Renounce Religion, Evoke Invisibility


You were in the Dungeon.
You worshipped Vehumet.
Vehumet was extremely pleased with you.
You were hungry.

You visited 1 branch You collected 184 gold pieces.

Inventory:

Jewellery
 i - the amulet of invisibility (around core) {+Inv}
   (You found it in the Dungeon)

   [amulet of nothing]

   It lets you turn invisible.
Scrolls
 h - a scroll of blinking
 j - a scroll of bless item
 k - a scroll of enchantment
 l - a scroll of fog
Potions
 c - a potion of curing
 d - a potion of heal wounds
 e - a potion of haste
 f - a potion of magic
 g - a potion of berserk rage
Comestibles
 a - 3 chunks of flesh
 b - 2 rations


   Skills:
 + Level 17.6 Dodging
 - Level 1.4 Stealth
 + Level 15.2 Spellcasting
   Level 1.0 Transmutations
 + Level 14.2 Earth Magic


You had 32 spell levels left.
You knew the following spells:

 Your Spells              Type           Power        Failure   Level  Hunger
a - Sandblast             Erth           50 (50)      0%          1    None
b - Iron Shot             Erth           66 (200)     1%          6    #####..

Your spell library contained the following spells:

 Spells                   Type           Power        Failure   Level  Hunger
 Flame Tongue             Fire           16 (30)      1%          1    None
 Freeze                   Ice            16 (25)      1%          1    None
 Passwall                 Tmut/Erth      48 (120)     1%          2    None
 Stone Arrow              Erth           50 (50)      1%          3    None
 Petrify                  Tmut/Erth      48 (100)     1%          4    None
 Iskenderun's Battlesphe  Chrm/Erth      46 (100)     1%          5    ###....
 Lee's Rapid Deconstruct  Erth           66 (200)     1%          5    ###....
 Methodical Deconstructi  Erth           66 (200)     1%          5    ###....
 Ignite Poison            Fire/Tmut      18 (100)     2%          3    None
 Static Discharge         Air            16 (100)     3%          3    None
 Sublimation of Blood     Necr           16 (200)     6%          2    None
 Hailstorm                Ice            16 (100)     11%         4    None
 Irradiate                Tmut/Pois      18 (200)     24%         5    ###....
 Eringya's Noxious Bog    Tmut/Pois      18 (200)     73%         6    #####..
 Bolt of Fire             Fire           16 (200)     80%         6    #####..


Dungeon Overview and Level Annotations

Branches:
Dungeon (1/1)

Altars:
Cheibriados
Dithmenos
Elyvilon
Gozag Ym Sagoz
Hepliaklqana
Kikubaaqudgha
Makhleb
Nemelex Xobeh
Okawaru
Qazlal
Ru
Sif Muna
Trog
Uskayaw
Vehumet
Wu Jian
Xom
Yredelemnul
Zin
The Shining One
Beogh
Jiyva
Lugonu

Shops:
D [!?*%

Annotations:
D exclusion: oklob plant


Innate Abilities, Weirdness & Mutations

You are too small to use any gear.
You can wear a single ring or amulet completely around your body.
You are incapable of melee of any kind.
Your magic reserves are extremely low but spells that normally cost one mana are free and all other spells cost one mana.
You are extremely frail but all attacks that strike you do exactly one damage.
You exude a bright light in a small radius around yourself.
The effect of potions and godly healing effects is reduced to match your tiny health and magic reserves.
You cover ground slowly.
You can fly continuously.
Your insubstantial form boosts your evasion and grants immunity to sticky flames, nets and constriction.


Message History

* * * LOW HITPOINT WARNING * * *
There is an open door, covered with mould here.
You feel much better.
The polar bear completely misses you (0).
The polar bear claws you (1).
The polar bear completely misses you (0).
The spriggan berserker hits you with a +3 antimagic lajatang (43)!!!
* * * LOW HITPOINT WARNING * * *
You feel your power leaking away.
The spriggan picks up a +1 antimagic rapier.
The spriggan wields a +1 antimagic rapier.
You hear an angry growl.
The polar bear completely misses you (0). x3
You hear a shout!
Okay, then.
The spriggan berserker rages.
The polar bear completely misses you (0). x3
You hear an angry growl.
The polar bear bites you (30)!!
You die...

#...'.._._._._._..'.)#...#....'.)
#...#..._._._._...#..###'##...##∩
##'##.._._._._._..#.[##∩∩†'...###
††..#._._._._._.⌠.#############
#...###################....%?#
#####♣♣♣♣♣..♣.###.h.[+.....[$+
#.))......♣..♣##.i#..#.P....P#
...#♣..♣♣♣.♣..###h##i##.P....#
...#.♣♣..♣...♣'.@.#♣h♣########
###################..... .♣..♣..
.♣......♣ ..♣.....∩ # ###### ##


You could see 2 polar bears and a spriggan.

Vanquished Creatures
  Agnes (D)
  A spriggan druid (D)
  5 oklob plants (D)
  A queen bee (D)
  A hornet (D)
  3 wandering mushrooms (D)
  2 scorpions (D)
  3 burning bushes (D)
  4 killer bees (D)
  5 oklob saplings (D)
  2 worker ants (D)
  2 spriggans (D)
  A sewer rat (D)
  A rat (D)
  A ballistomycete (D)
  A ballistomycete spore (D)
34 creatures vanquished.

Vanquished Creatures (others)
  2 bushes (D)
2 creatures vanquished.

Grand Total: 36 creatures vanquished

Notes
Turn   | Place    | Note
-------+----------+-------------------------------------------
     0 | D        | esc the Fairy Earth Elementalist began the quest for the
                  | Orb.
     0 | D        | Reached XP level 1. HP: 3/3 MP: 3/3
     9 | D        | Reached skill level 4 in Dodging
     9 | D        | Reached XP level 2. HP: 3/3 MP: 3/3
    58 | D        | Reached skill level 5 in Dodging
    58 | D        | Reached XP level 3. HP: 3/4 MP: 3/3
    64 | D        | Found the amulet of invisibility {+Inv}
    67 | D        | Reached skill level 6 in Dodging
    67 | D        | Reached skill level 5 in Spellcasting
    67 | D        | Reached skill level 5 in Earth Magic
    95 | D        | Found an opulent altar of Gozag.
    95 | D        | Found a hazy altar of Hepliaklqana.
    95 | D        | Found a burning altar of Makhleb.
    95 | D        | Found a roughly hewn altar of Beogh.
    95 | D        | Found a sparkling altar of Nemelex Xobeh.
    95 | D        | Found a snail-covered altar of Cheibriados.
    95 | D        | Found a sacrificial altar of Ru.
    95 | D        | Found a shimmering blue altar of Sif Muna.
    95 | D        | Found a shimmering altar of Xom.
    95 | D        | Found a basalt altar of Yredelemnul.
    96 | D        | Found a viscous altar of Jiyva.
    96 | D        | Found a bloodstained altar of Trog.
    96 | D        | Found an ornate altar of the Wu Jian Council.
   116 | D        | Found an iron altar of Okawaru.
   116 | D        | Found a glowing silver altar of Zin.
   116 | D        | Found a shadowy altar of Dithmenos.
   117 | D        | Found a hide-covered altar of Uskayaw.
   117 | D        | Found an ancient bone altar of Kikubaaqudgha.
   118 | D        | Found a stormy altar of Qazlal.
   118 | D        | Found a glowing golden altar of the Shining One.
   118 | D        | Found a white marble altar of Elyvilon.
   119 | D        | Found a radiant altar of Vehumet.
   119 | D        | Found a corrupted altar of Lugonu.
   127 | D        | Reached skill level 7 in Dodging
   127 | D        | Reached XP level 4. HP: 2/4 MP: 3/3
   134 | D        | Became a worshipper of Vehumet
   146 | D        | Reached skill level 8 in Dodging
   146 | D        | Reached XP level 5. HP: 3/4 MP: 3/3
   153 | D        | Noticed a scorpion
   164 | D        | Killed a scorpion
   164 | D        | Reached * piety under Vehumet
   164 | D        | Offered knowledge of Freeze by Vehumet.
   164 | D        | Reached skill level 9 in Dodging
   168 | D        | Reached XP level 6. HP: 5/5 MP: 3/3
   182 | D        | Found Lujukh's Distillery.
   182 | D        | Found Egilug's Antique Armour Emporium.
   188 | D        | Noticed a wandering mushroom
   189 | D        | Noticed a wandering mushroom
   200 | D        | Reached skill level 10 in Dodging
   211 | D        | Killed a wandering mushroom
   211 | D        | Reached ** piety under Vehumet
   211 | D        | Reached skill level 11 in Dodging
   211 | D        | Reached XP level 7. HP: 5/5 MP: 4/4
   213 | D        | Offered knowledge of Flame Tongue by Vehumet.
   213 | D        | Reached skill level 10 in Spellcasting
   216 | D        | Killed a wandering mushroom
   216 | D        | Reached skill level 12 in Dodging
   216 | D        | Reached skill level 10 in Earth Magic
   223 | D        | Found Qohuam's Food Emporium.
   223 | D        | Found Fosmeg Biso's General Store.
   224 | D        | Identified the +2 demon blade of Honour {elec, rC+ rN+ MR-}
   267 | D        | Offered knowledge of Static Discharge by Vehumet.
   281 | D        | Noticed a queen bee
   287 | D        | Reached *** piety under Vehumet
   289 | D        | Offered knowledge of Hailstorm by Vehumet.
   291 | D        | Reached skill level 13 in Dodging
   291 | D        | Reached XP level 8. HP: 4/5 MP: 4/4
   296 | D        | Killed a queen bee
   296 | D        | Reached **** piety under Vehumet
   346 | D        | Noticed an oklob plant
   360 | D        | Killed an oklob plant
   360 | D        | Offered knowledge of Iskenderun's Battlesphere by Vehumet.
   360 | D        | Reached skill level 14 in Dodging
   403 | D        | Identified the +7 rapier "Bighemiv" {antimagic, rF+ Int+4}
   416 | D        | Noticed an oklob plant
   426 | D        | Noticed a wandering mushroom
   430 | D        | Killed a wandering mushroom
   430 | D        | Reached ***** piety under Vehumet
   430 | D        | Reached XP level 9. HP: 5/6 MP: 5/5
   446 | D        | Identified the +5 scimitar of Kioschosu {vamp, Str+6}
   496 | D        | Killed an oklob plant
   496 | D        | Offered knowledge of Iron Shot by Vehumet.
   496 | D        | Reached skill level 15 in Dodging
   538 | D        | Noticed a spriggan druid
   546 | D        | Killed a spriggan druid
   593 | D        | Noticed an oklob plant conjurer
   598 | D        | Killed an oklob plant conjurer
   598 | D        | Reached skill level 16 in Dodging
   610 | D        | Learned a level 6 spell: Iron Shot
   621 | D        | Noticed an oklob plant
   621 | D        | Noticed an oklob plant summoner
   655 | D        | Noticed an oklob plant shifter
   657 | D        | Killed an oklob plant
   677 | D        | Killed an oklob plant summoner
   677 | D        | Offered knowledge of Bolt of Fire by Vehumet.
   693 | D        | Found Soiwnest's Magic Scroll Emporium.
   694 | D        | Noticed a spriggan rider
   694 | D        | Noticed Agnes
   694 | D        | Noticed a spriggan berserker
   697 | D        | Reached XP level 10. HP: 6/6 MP: 4/5
   710 | D        | Killed Agnes
   710 | D        | Reached skill level 17 in Dodging
   710 | D        | Reached skill level 15 in Spellcasting
   716 | D        | Slain by a polar bear

Levels and vault maps discovered:
D:        dungeon_sprint_fedhas [sprint_temple]

Skill      XL: |  1  2  3  4  5  6  7  8  9 10 |
---------------+-------------------------------+-----
Dodging        | 4 5 7 8 9 11 13 14 16 17 | 17.6
Spellcasting   | 3 4 6 8 9 11 12 14 15 | 15.2
Earth Magic    | 4 6 7 9 10 11 13 14 | 14.2
Stealth        | |  1.4
Transmutations | |  1.0

Action                   |  1- 3 |  4- 6 |  7- 9 | 10-12 || total
-------------------------+-------+-------+-------+-------++-------
 Cast: Sandblast         |    37 |    30 |    66 |    10 ||   143
       Iron Shot         |       |       |     6 |     2 ||     8
 Abil: Fly               |     1 |       |       |       ||     1
  Use: Potion            |       |       |       |     3 ||     3
  Eat: Chunk             |       |       |     1 |       ||     1
Dodge: Dodged            |     9 |    39 |    35 |    24 ||   107
